 Dungeon Crawl Stone Soup version 0.28-a0-998-gb9e9c7b67e (webtiles) character file.

Game seed: 7500644550801029970

56 ytrimaz the Digger (level 3, -11/21 HPs)
             Began as an Octopode Earth Elementalist on Dec 5, 2021.
             Was a Follower of Vehumet.
             Mangled by a gnoll (14 damage)
             ... on level 2 of the Dungeon.
             The game lasted 00:02:07 (1712 turns).

ytrimaz the Digger (Octopode Earth Elementalist)    Turns: 1712, Time: 00:02:08

Health: -11/21     AC:  1    Str:  7    XL:     3   Next: 97%
Magic:  2/6        EV: 13    Int: 19    God:    Vehumet [*.....]
Gold:   56         SH:  0    Dex: 12    Spells: 5/7 levels left

rFire   . . .      SeeInvis .   (no weapon)
rCold   . . .      Faith    .   (no shield)
rNeg    . . .      Spirit   .   (helmet restricted)
rPois   .          Reflect  .   (no amulet)
rElec   .          Harm     .   (no ring)
rCorr   .          Rampage  .   (no ring)
Will    .....                   (no ring)
Stlth   +++.......              (no ring)
HPRegen 0.07/turn               (no ring)
MPRegen 0.10/turn               (no ring)
                                (no ring)
                                (no ring)

@: no status effects
A: almost no armour, amphibious, 8 rings, camouflage 1, gelatinous body 1,
(nimble swimmer 1), tentacles
a: Renounce Religion


You were on level 2 of the Dungeon.
You worshipped Vehumet.
Vehumet was aware of your devotion.
You visited 1 branch of the dungeon, and saw 2 of its levels.

You collected 56 gold pieces.

Inventory:

Missiles
 b - 55 stones
Scrolls
 d - a scroll of teleportation
Potions
 a - a potion of degeneration {unknown}


   Skills:
 * Level 2.2 Dodging
 * Level 3.1 Stealth
 * Level 0.7 Unarmed Combat
 + Level 2.5 Spellcasting
 * Level 1.5 Transmutations
 * Level 0.1 Air Magic
 + Level 3.6 Earth Magic


You had 5 spell levels left.
You knew the following spells:

 Your Spells              Type           Power      Damage    Failure   Level
a - Sandblast             Erth           32%        2d9       3%          1
b - Shock                 Conj/Air       8%         1d3       16%         1

Your spell library contained the following spells:

 Spells                   Type           Power      Damage    Failure   Level
 Passwall                 Tmut/Erth      10%        N/A       9%          2
 Stone Arrow              Conj/Erth      18%        3d8       22%         3
 Petrify                  Tmut/Erth      12%        N/A       50%         4


Dungeon Overview and Level Annotations

Branches:
Dungeon (2/15)

Altars:
Vehumet


Innate Abilities, Weirdness & Mutations

You cannot wear most types of armour.
You are amphibious.
You can wear up to eight rings at the same time.
Your skin changes colour to match your surroundings (Stealth+).
Your rubbery body absorbs attacks. (AC +1, EV +1)
((You are camouflaged near water. (Stealth+)))
You have tentacles for arms and can constrict up to eight enemies at once.


Message History

Okay, then.
Casting: Sandblast (safe; 3% risk of failure)
Confirm with . or Enter, or press ? or * to list all spells.
Aiming: Sandblast (safe; 3% risk of failure)
Press: ? - help, Shift-Dir - straight line, f/p - gnoll
Aim: a gnoll, wielding a +0 spear (moderately wounded, 82% to hit)
The blast of sand hits the gnoll but does no damage.
The gnoll is moderately wounded.
b - 56 stones The gnoll hits you from afar with a +0 spear.
Casting: Sandblast (safe; 3% risk of failure)
Confirm with . or Enter, or press ? or * to list all spells.
Aiming: Sandblast (safe; 3% risk of failure)
Press: ? - help, Shift-Dir - straight line, f/p - gnoll
Aim: a gnoll, wielding a +0 spear (lightly wounded, 82% to hit)
The blast of sand hits the gnoll.
The gnoll is heavily wounded.
b - 55 stones The gnoll hits you from afar with a +0 spear.
The gnoll barely misses you.
Your magical contamination has completely faded away.
The gnoll shouts!
You tentacle-slap the gnoll but do no damage.
You grab the gnoll.
You squeeze the gnoll, but do no damage.
The gnoll is heavily wounded.
You constrict the gnoll, but do no damage.
The gnoll hits you with a +0 spear!
* * * LOW HITPOINT WARNING * * *
You tentacle-slap the gnoll.
The gnoll is severely wounded.
You constrict the gnoll. The gnoll hits you with a +0 spear.
* * * LOW HITPOINT WARNING * * *
You tentacle-slap the gnoll. You squeeze the gnoll.
You kill the gnoll!
Vehumet accepts your kill.
You feel your power returning. The gnoll hits you with a +0 halberd!
Ouch! That really hurt!
You die...

.b# .## ##+## #### ....
...# ... ...# ?.## ...#
..# #### #.##### .##
#.######.....# ..#
#....g@...##.#########
.>#
.............>..†......
###
...........##.#########
..............#(.......
..#...........#.######.
#.........#...#.#
#....##...#...#.#
..........#...#.# ####
#. #.###.........#


You could see a gnoll.

Vanquished Creatures
  A gnoll (D:2)
  2 adders (D:2)
  A worm (D:2)
  2 endoplasms (D:1)
  4 goblins (D:1)
  A hobgoblin (D:1)
  A quokka (D:1)
  2 ball pythons (D:1)
  3 bats
  8 kobolds
  2 rats (D:1)
27 creatures vanquished.

Vanquished Creatures (others)
  3 plants (D:1)
3 creatures vanquished.

Grand Total: 30 creatures vanquished

Notes
Turn   | Place    | Note
-------+----------+-------------------------------------------
     0 | D:1      | ytrimaz the Octopode Earth Elementalist began the quest for
                  | the Orb.
     0 | D:1      | Reached XP level 1. HP: 11/11 MP: 3/3
   177 | D:1      | Reached XP level 2. HP: 9/17 MP: 1/5
   577 | D:1      | Found a faded altar of an unknown god.
   587 | D:1      | Prayed at the altar of an unknown god.
   587 | D:1      | Became a worshipper of Vehumet
   587 | D:1      | Reached * piety under Vehumet
   587 | D:1      | Offered knowledge of Shock by Vehumet.
  1103 | D:2      | Reached XP level 3. HP: 17/21 MP: 1/6
  1688 | D:2      | Learned a level 1 spell: Shock
  1712 | D:2      | Mangled by a gnoll

Illustrated notes

Levels and vault maps discovered:
D:1:      evilmike_arrival_fibonacci_small, layout_basic,
          shapermc_ecumenical_altar_pompeii, serial_forest,
          infiniplex_forest_lined_room_2, infiniplex_forest_straight_3,
          infiniplex_forest_lined_room_2, infiniplex_forest_clump_cross,
          infiniplex_forest_zigzag_1, infiniplex_forest_clump_double,
          infiniplex_forest_corner_2, infiniplex_forest_end_2,
          infiniplex_forest_straight_3, hangedman_decor_growths
D:2:      layout_basic, basic_altar, grunt_ministairs_6

Skill      XL: |  1  2 |
---------------+-------+-----
Stealth        | 3 |  3.1
Dodging        | |  2.2
Unarmed Combat | |  0.7
Spellcasting   | |  2.5
Transmutations | |  1.5
Air Magic      | |  0.1
Earth Magic    | |  3.6

Action                   || total
-------------------------++-------
Melee: Unarmed           ||    26
       Constrict         ||     7
       Tentacles         ||     7
 Cast: Sandblast         ||    30
       Shock             ||     2
  Use: Scroll            ||     4
       Potion            ||     1
 Stab: Sleeping          ||     2
Armor: Skin              ||     2
Dodge: Dodged            ||    24

Table legend: (Time is in decaauts)
 A = Elapsed time spent in this place.
 B = Non-inter-level travel time spent in this place.
 C = Inter-level travel time spent in this place.
 D = Time resting spent in this place.
 E = Time spent auto-exploring this place.
 F = Levels seen in this place.
 G = Mean time per level.
                   A        B        C        D        E       F      G
               +--------+--------+--------+--------+--------+-----+--------+
         Total |   1713 |   1636 |     77 |    383 |   1014 |   2 |  856.5 |
       Dungeon |   1713 |   1636 |     77 |    383 |   1014 |   2 |  856.5 |
               +--------+--------+--------+--------+--------+-----+--------+

Top non-repeatable levels by time:
     D:1: 1520 daAuts
     D:2: 193 daAuts
